 Dungeon Crawl Stone Soup version 0.30-a0-778-g2ef04afb54 (webtiles) character file.

Game seed: 2582292821949258664

12333 Iich the Severer (level 11, -6/107 HPs)
             Began as a Hill Orc Fighter on Feb 16, 2023.
             Was an Initiate of Gozag.
             Mangled by a skeletal warrior
             ... wielding a +1 heavy battleaxe
              (33 damage)
             ... on level 11 of the Dungeon.
             The game lasted 00:19:23 (9815 turns).

Iich the Severer (Hill Orc Fighter)                 Turns: 9815, Time: 00:19:24

Health: -6/107     AC: 14    Str: 23    XL:     11   Next: 91%
Magic:  11/11      EV: 10    Int:  8    God:    Gozag
Gold:   1672       SH:  5    Dex: 14    Spells: 10/10 levels left

rFire   . . .      SeeInvis .    t - +5 broad axe (drain)
rCold   + . .      Faith    .    c - +0 buckler
rNeg    + + +      Spirit   .    O - +4 ring mail "Etyli" {rPois rC+ rN++ Str+3}
rPois   +          Reflect  .    (no helmet)
rElec   .          Harm     .    x - +0 cloak
rCorr   .          Rampage  .    M - +0 pair of gloves
Will    .....                    n - +1 pair of boots
Stlth   +                        C - amulet of regeneration
HPRegen 1.17/turn                s - ring of positive energy
MPRegen 0.12/turn                D - ring of positive energy

@: about to teleport
A: no striking features
a: Renounce Religion, Potion Petition, Call Merchant, Bribe Branch


You were on level 11 of the Dungeon.
You worshipped Gozag.
Gozag was most pleased with you.
You visited 2 branches of the dungeon, and saw 12 of its levels.

You collected 2020 gold pieces.
You spent 320 gold pieces at shops.
You paid 28 gold pieces to Gozag.

Inventory:

Hand Weapons
 a - a +0 war axe
 t - a +5 broad axe of draining (weapon)
 Q - the +9 war axe "Undertaker" {freeze, rF+ rC+}
   (You found it on level 10 of the Dungeon)

   rF:        It protects you from fire.
   rC:        It protects you from cold.
Missiles
 k - 3 throwing nets (quivered)
Armour
 b - a +0 scale mail
 c - a +0 buckler (worn)
 n - a +1 pair of boots (worn)
 o - a +0 chain mail
 x - a +0 cloak (worn)
 M - a +0 pair of gloves (worn)
 O - the +4 ring mail "Etyli" (worn) {rPois rC+ rN++ Str+3}
   (You found it on level 10 of the Dungeon)

   Str:       It affects your strength (+3).
   rC:        It protects you from cold.
   rPois:     It protects you from poison.
   rN:        It greatly protects you from negative energy.
Jewellery
 s - a ring of positive energy (left hand)
 B - a +6 ring of intelligence
 C - an amulet of regeneration (around neck)
 D - a ring of positive energy (right hand)
 I - a ring of positive energy
Wands
 q - a wand of paralysis (7)
 r - a wand of quicksilver (3)
 E - a wand of iceblast (13)
Scrolls
 e - a scroll of vulnerability
 f - 2 scrolls of blinking
 g - a scroll of noise
 h - a scroll of immolation
 u - 2 scrolls of teleportation
 w - a scroll of torment
 y - 2 scrolls of magic mapping
 G - a scroll of poison
 H - 3 scrolls of amnesia
Potions
 d - 4 potions of might
 i - 8 potions of curing
 j - a potion of brilliance
 l - a potion of heal wounds
 m - 4 potions of mutation
 p - a potion of lignification
 z - 2 potions of flight
 A - a potion of resistance
 F - 2 potions of cancellation
 J - a potion of haste
 K - a potion of berserk rage {unknown}
 L - a potion of invisibility {unknown}
 P - a potion of attraction
Miscellaneous
 v - a piece from Xom's chessboard (15/15)


   Skills:
 + Level 13.3 Fighting
 * Level 19.3 Axes
 - Level 3.2 Armour
 - Level 3.2 Shields


You had 10 spell levels left.
You didn't know any spells.
Your spell library contained the following spells:

 Spells                   Type           Power      Damage    Failure   Level
 Apportation              Tloc           0%         N/A       65%         1
 Beastly Appendage        Tmut           0%         N/A       65%         1
 Necrotise                Necr           0%         1d4       65%         1
 Sting                    Tmut/Pois      0%         1d3       65%         1
 Summon Small Mammal      Summ           0%         N/A       65%         1
 Poisonous Vapours        Pois/Air       0%         N/A       80%         2
 Wereblood                Tmut           0%         N/A       80%         2
 Spider Form              Tmut/Pois      0%         N/A       95%         3
 Vhi's Electric Charge    Tloc/Air       0%         N/A       95%         3
 Olgreb's Toxic Radiance  Pois           0%         N/A       100%        4
 Arcjolt                  Conj/Air       0%         1d10      100%        5
 Maxwell's Capacitive Co  Air            0%         ∞         100%        8


Dungeon Overview and Level Annotations

Branches:
Dungeon (11/15)            Temple (1/1) D:4
   Lair: D:8-11         Orc: D:9-12

Altars:
Ashenzari
Cheibriados
Dithmenos
Elyvilon
Fedhas
Gozag
Hepliaklqana
Kikubaaqudgha
Makhleb
Nemelex Xobeh
Okawaru
Qazlal
Ru
Sif Muna
Trog
Uskayaw
Vehumet
Wu Jian
Xom
Yredelemnul
Zin
The Shining One

Shops:
D:7 *(


Message History

A skeletal warrior is wielding a +0 glaive of protection.
Found a wand of iceblast (5).
The skeletal warrior closely misses you.
You hit the skeletal warrior but do no damage.
You hit the skeletal warrior but do no damage.
The skeletal warrior hits you with a +0 morningstar!!
You slice the skeletal warrior!!
The skeletal warrior is heavily damaged.
You hit the skeletal warrior.
You hear a shout!
A troll comes into view.
The skeletal warrior hits you with a +1 heavy battleaxe!
The skeletal warrior hits you with a +0 morningstar!
You are too injured to fight recklessly!
You are too injured to fight recklessly!
You are too injured to fight recklessly!
You are too injured to fight recklessly!
You barely miss the skeletal warrior.
The skeletal warrior is heavily damaged.
You barely miss the skeletal warrior. You slash the skeletal warrior!
The skeletal warrior misses you.
The skeletal warrior hits you with a +0 morningstar.
You block the skeletal warrior's attack.
The skeletal warrior attacks as you move away!
The skeletal warrior hits you with a +1 heavy battleaxe.
The skeletal warrior attacks as you move away!
The skeletal warrior hits you with a +0 morningstar!
* * * LOW HITPOINT WARNING * * *
As you read the scroll of teleportation, it crumbles to dust.
You feel strangely unstable.
You block the skeletal warrior's attack.
You hit the skeletal warrior but do no damage.
The skeletal warrior is heavily damaged.
You slash the skeletal warrior!
The skeletal warrior is severely damaged.
The skeletal warrior hits you from afar with a +0 glaive of protection!!
* * * LOW HITPOINT WARNING * * *
The skeletal warrior hits you with a +1 heavy battleaxe!!
You die...
Your body crumbles into a pile of gold.

... #.# #<## #..###
##...# ###.#
######'## #######
#.......# ###z......
#.......# #@zzzT....
#.......# ##.#z......
+.......###..#.......
#.......'...##/......
#.......##### .......
#.......# .......
#.......# #######
#########


You could see 5 skeletal warriors and a troll.

Vanquished Creatures
  Snorg (D:10)
  Erolcha (D:10)
  A centaur warrior (D:9)
  A two-headed ogre (D:8)
  The ghost of retardedninja the Blocker, a novice GrFi of Gozag (D:7)
  An ugly thing (D:9)
  A komodo dragon (D:8)
  2 hornets (D:9)
  A troll (D:9)
  Grinder (D:6)
  Prince Ribbit (D:7)
  Sigmund (D:4)
  2 wraiths (D:9)
  6 yaks (D:9)
  A wyvern (D:8)
  A human (shapeshifter) (D:8)
  2 steam dragons
  Eustachio (D:5)
  Menkaure (D:5)
  Edmund (D:4)
  An acid dragon (D:8)
  A water moccasin (D:8)
  6 orc warriors
  4 ice beasts
  2 sky beasts (D:8)
  2 black bears (D:6)
  3 ogres
  2 centaurs
  Blork the orc (D:6)
  2 phantoms
  6 kobold brigands
  2 gnoll sergeants
  6 bullfrogs
  A necrophage (D:8)
  2 scorpions
  A wight (D:8)
  16 killer bees
  5 howler monkeys
  3 jellies
  Crazy Yiuf (D:5)
  5 orc priests
  4 hounds
  4 iguanas
  4 gnoll boudas
  13 orc wizards
  22 gnolls
  5 adders
  2 ufetubi
  3 worms
  3 dart slugs
  37 orcs
  6 bats
  6 endoplasms
  5 giant cockroaches
  2 goblins
  4 hobgoblins
  7 jackals
  3 quokkas
  5 ball pythons
  2 frilled lizards (D:1)
  22 kobolds
  6 rats
265 creatures vanquished.

Vanquished Creatures (others)
  A human (D:5)
  2 kobolds (D:9)
  A plant (D:3)
4 creatures vanquished.

Grand Total: 269 creatures vanquished

Notes
Turn   | Place    | Note
-------+----------+-------------------------------------------
     0 | D:1      | Iich the Hill Orc Fighter began the quest for the Orb.
     0 | D:1      | Reached XP level 1. HP: 19/19 MP: 1/1
    43 | D:1      | Reached skill level 3 in Axes
   133 | D:1      | Reached XP level 2. HP: 27/27 MP: 2/2
   144 | D:1      | Found a faded altar of an unknown god.
   547 | D:1      | Reached skill level 4 in Axes
   694 | D:2      | Reached XP level 3. HP: 33/33 MP: 3/3
   914 | D:2      | Found a basalt altar of Yredelemnul.
  1112 | D:2      | Reached XP level 4. HP: 41/41 MP: 4/4
  1116 | D:2      | Reached skill level 5 in Axes
  2156 | D:3      | Reached XP level 5. HP: 47/47 MP: 5/5
  2287 | D:4      | Noticed a phantom
  2290 | D:4      | Reached skill level 6 in Axes
  2436 | D:4      | Killed a phantom
  2437 | D:4      | Reached skill level 5 in Fighting
  2461 | D:4      | Found a staircase to the Ecumenical Temple.
  2466 | D:4      | Noticed a kobold brigand
  2476 | D:4      | Killed a kobold brigand
  2477 | D:4      | Reached skill level 7 in Axes
  2477 | D:4      | Reached XP level 6. HP: 52/56 MP: 6/6
  2493 | Temple   | Entered the Ecumenical Temple
  2703 | Temple   | Became a worshipper of Gozag Ym Sagoz the Greedy
  2892 | D:4      | Identified a scroll of acquirement
  3035 | D:4      | Acquired a +5 heavy broad axe
  3152 | D:4      | Reached skill level 8 in Axes
  3152 | D:4      | Reached XP level 7. HP: 60/63 MP: 7/7
  3261 | D:4      | Noticed Edmund
  3269 | D:4      | Killed Edmund
  3270 | D:4      | Noticed Sigmund
  3280 | D:4      | Killed Sigmund
  3281 | D:4      | Reached skill level 9 in Axes
  3545 | D:4      | Found a white marble altar of Elyvilon.
  3840 | D:5      | Entered Level 5 of the Dungeon
  3858 | D:5      | Found a stormy altar of Qazlal.
  3919 | D:5      | Found a bloodstained altar of Trog.
  4007 | D:5      | Reached XP level 8. HP: 63/73 MP: 8/8
  4085 | D:5      | Reached skill level 10 in Axes
  4263 | D:5      | Found an ancient bone altar of Kikubaaqudgha.
  4511 | D:5      | Found a runed translucent door.
  4512 | D:5      | Noticed Crazy Yiuf
  4614 | D:5      | Noticed Eustachio
  4621 | D:5      | Noticed Menkaure
  4632 | D:5      | Killed Menkaure
  4636 | D:5      | Reached skill level 11 in Axes
  4641 | D:5      | Killed Eustachio
  4963 | D:5      | Killed Crazy Yiuf
  5056 | D:6      | Noticed Blork the orc
  5064 | D:6      | Killed Blork the orc
  5117 | D:6      | Reached skill level 12 in Axes
  5117 | D:6      | Reached XP level 9. HP: 73/82 MP: 9/9
  5151 | D:6      | Identified the +2 leather armour of Ofirair {rCorr Int-5
                  | Dex+9}
  5294 | D:6      | Noticed Grinder
  5305 | D:6      | Killed Grinder
  5462 | D:6      | Reached skill level 13 in Axes
  6045 | D:7      | Found a runed translucent door.
  6047 | D:7      | Noticed Prince Ribbit
  6061 | D:7      | Killed Prince Ribbit
  6062 | D:7      | Reached skill level 14 in Axes
  6070 | D:7      | Found Puhivure's Gadget Gallery.
  6075 | D:7      | Bought a piece from Xom's chessboard (15/15) for 320 gold
                  | pieces
  6131 | D:7      | Reached skill level 10 in Fighting
  6273 | D:7      | Reached XP level 10. HP: 93/93 MP: 10/10
  6295 | D:7      | Found Ciss's Antique Weapon Boutique.
  6304 | D:7      | Found a basalt altar of Yredelemnul.
  6638 | D:7      | Noticed retardedninja's ghost (novice GrFi)
  6658 | D:7      | Killed retardedninja's ghost
  6659 | D:7      | Reached skill level 15 in Axes
  6819 | D:8      | Noticed a two-headed ogre
  6825 | D:8      | Killed a two-headed ogre
  6826 | D:8      | Reached skill level 16 in Axes
  7099 | D:8      | Reached skill level 17 in Axes
  7110 | D:8      | Reached XP level 11. HP: 77/104 MP: 11/11
  7755 | D:9      | Paralysed by a hornet for 2 turns
  7816 | D:9      | Noticed a centaur warrior
  7827 | D:9      | Killed a centaur warrior
  7894 | D:9      | Noticed a green ugly thing
  7902 | D:9      | Reached skill level 18 in Axes
  7908 | D:9      | Killed a green ugly thing
  8076 | D:9      | Found a burning altar of Makhleb.
  8345 | D:9      | Found a glowing silver altar of Zin.
  8497 | D:9      | Found a radiant altar of Vehumet.
  8497 | D:9      | Found an iron altar of Okawaru.
  8793 | D:10     | Entered Level 10 of the Dungeon
  8810 | D:10     | Identified the +4 ring mail "Etyli" {rPois rC+ rN++ Str+3}
  8930 | D:10     | Noticed Snorg
  8943 | D:10     | Killed Snorg
  8944 | D:10     | Reached skill level 19 in Axes
  9014 | D:10     | Noticed Erolcha
  9029 | D:10     | Killed Erolcha
  9245 | D:10     | Identified the +9 war axe "Undertaker" {freeze, rF+ rC+}
  9806 | D:11     | Noticed a skeletal warrior
  9806 | D:11     | Noticed a skeletal warrior
  9806 | D:11     | Noticed a skeletal warrior
  9807 | D:11     | Noticed a skeletal warrior
  9807 | D:11     | Noticed a skeletal warrior
  9815 | D:11     | Mangled by a skeletal warrior

Illustrated notes

Levels and vault maps discovered:
D:1:      evilmike_arrival_crescent, layout_loops_ring,
          shapermc_ecumenical_altar_mp_urbaneastern, grunt_decor_one_mirror
D:2:      cheibrodos_old_hovel, layout_loops_ring, basic_altar,
          corexii_item_surrounded_by_moat, st_stairs_6
D:3:      layout_loops_ring, serial_bayou_pond_e, kennysheep_generic_room_15
D:4:      layout_layer_cave, mainiacjoe_overflow_24_doors,
          minmay_temple_entry_crystal_x, sigmund_edmund_badplayer
D:5:      layout_gridville, tgw_kikubaaqudgha, nicolae_qazlal_scattered_showers,
          overflow_temple_1_default, uniq_eustachio, uniq_crazy_yiuf_cottage,
          uniq_menkaure
D:6:      layout_loops_cross, uniq_edmund, uniq_sigmund, uniq_grinder,
          uniq_blork_the_orc
D:7:      layout_basic, mainiacjoe_overflow_cross_hatched, serial_shops, shop,
          ebering_ghost_reflecting_pool, nicolae_shop_gadgets,
          uniq_prince_ribbit1
D:8:      layout_basic, nzn_random_ring
D:9:      layout_loops_ring, general_overflow_altar,
          gammafunk_temple_overflow_elements, bloody_makhleb,
          lightli_fourway_metalbox
D:10:     layout_stronghold, evilmike_minifort, uniq_snorg, uniq_erolcha
D:11:     layout_roguey, david_lair_shrubbed, orc_0_dummy
Temple:   dshaligram_water_room_temple

Skill      XL: |  1  2  3  4  5  6  7  8  9 10 11 |
---------------+----------------------------------+-----
Axes           | 3 4 5 7 8 9 12 14 17 19 | 19.3
Fighting       | 4 5 6 7 8 10 11 13 | 13.3
Armour         | |  3.2
Shields        | |  3.2

Action                     |  1- 3 |  4- 6 |  7- 9 | 10-12 || total
---------------------------+-------+-------+-------+-------++-------
  Melee: War axe           |    95 |   119 |       |       ||   214
         Broad axe         |       |     7 |   191 |   253 ||   451
    Use: Scroll            |     4 |     8 |     7 |     6 ||    25
         Potion            |       |       |     1 |     2 ||     3
   Stab: Distracted        |       |     1 |       |     5 ||     6
 Armour: Scale mail        |    45 |     8 |       |       ||    53
         Chain mail        |       |    49 |   101 |   105 ||   255
         Ring mail         |       |       |       |    13 ||    13
  Dodge: Dodged            |    52 |    41 |    46 |    71 ||   210
  Block: Buckler           |    27 |    27 |    34 |    71 ||   159

Table legend: (Time is in decaauts)
 A = Elapsed time spent in this place.
 B = Non-inter-level travel time spent in this place.
 C = Inter-level travel time spent in this place.
 D = Time resting spent in this place.
 E = Time spent auto-exploring this place.
 F = Levels seen in this place.
 G = Mean time per level.
                   A        B        C        D        E       F      G
               +--------+--------+--------+--------+--------+-----+--------+
         Total |   9877 |   9536 |    341 |    236 |   7474 |  12 |  823.1 |
       Dungeon |   9645 |   9304 |    341 |    236 |   7283 |  11 |  876.8 |
        Temple |    232 |    232 |      0 |      0 |    191 |   1 |  232.0 |
               +--------+--------+--------+--------+--------+-----+--------+

Top non-repeatable levels by time:
     D:4: 1234 daAuts
     D:5: 1225 daAuts
     D:8: 1054 daAuts
     D:9: 1033 daAuts
    D:10: 981 daAuts
     D:3: 935 daAuts
     D:6: 926 daAuts
     D:2: 821 daAuts
     D:1: 703 daAuts
     D:7: 698 daAuts
  Temple: 232 daAuts
    D:11: 30 daAuts
